 Dungeon Crawl Stone Soup version 0.29.1-12-g30fa7ad0bf (webtiles) character file.

Game seed: 5924085887356902756

175 RapScallion the Chopper (level 5, -2/47 HPs)
             Began as a Hill Orc Fighter on Jan 11, 2023.
             Was a Believer of Qazlal.
             Succumbed to an orc wizard's poison
             ... on level 3 of the Dungeon.
             The game lasted 00:13:30 (2306 turns).

RapScallion the Chopper (Hill Orc Fighter)          Turns: 2306, Time: 00:13:30

Health: -2/47      AC:  7    Str: 21    XL:     5   Next: 55%
Magic:  5/5        EV: 13    Int:  8    God:    Qazlal [**....]
Gold:   147        SH:  7    Dex: 10    Spells: 4/4 levels left

rFire   . . .      SeeInvis .   a - +0 war axe
rCold   . . .      Faith    .   c - +0 buckler
rNeg    . . .      Spirit   .   b - +0 scale mail
rPois   .          Reflect  .   (no helmet)
rElec   .          Harm     .   (no cloak)
rCorr   .          Rampage  .   (no gloves)
Will    .....                   (no boots)
Stlth   ..........              (no amulet)
HPRegen 0.15/turn               k - +4 ring of evasion
MPRegen 0.09/turn               (no ring)

@: lethally poisoned (-2 -> -17)
A: no striking features
a: Renounce Religion, Upheaval


You were on level 3 of the Dungeon.
You worshipped Qazlal.
Qazlal was pleased with you.
You visited 1 branch of the dungeon, and saw 3 of its levels.

You collected 147 gold pieces.

Inventory:

Hand Weapons
 a - a +0 war axe (weapon)
Missiles
 h - 47 stones (quivered)
 l - 8 poisoned darts
Armour
 b - a +0 scale mail (worn)
 c - a +0 buckler (worn)
Jewellery
 k - a +4 ring of evasion (left hand)
Scrolls
 f - a scroll of enchant armour {unknown}
 g - a scroll of immolation {unknown}
 j - 2 scrolls of identify {unknown}
 m - a scroll of butterflies {unknown}
 p - a scroll of enchant weapon {unknown}
 q - a scroll of noise {unknown}
Potions
 d - a potion of might
 e - a potion of heal wounds {unknown}
 i - a potion of magic {unknown}
 n - 2 potions of curing {unknown}
 o - a potion of mutation {unknown}
 r - a potion of degeneration {unknown}
 s - a potion of haste {unknown}


   Skills:
 + Level 4.3 Fighting
 + Level 4.8 Axes
 + Level 4.4 Armour
 + Level 1.1 Dodging
 + Level 3.8 Shields


You had 4 spell levels left.
You didn't know any spells.
Your spell library contained the following spells:

 Spells                   Type           Power      Damage    Failure   Level
 Conjure Flame            Conj/Fire      0%         6-21      99%         3
 Ignite Poison            Fire/Tmut/Pois 0%         N/A       99%         3
 Sticky Flame             Conj/Fire      0%         2d3       100%        4


Dungeon Overview and Level Annotations

Branches:
Dungeon (3/15)

Altars:
Fedhas
Qazlal
The Shining One

Shops:
D:3 =


Message History

You are more poisoned.
You barely miss something. You hit the orc but do no damage.
You feel very sick. The orc barely misses you.
You hear some strange, mumbled words.
You are confused.
You closely miss something. You hit the orc.
You kill the orc!
Qazlal accepts your kill.
You feel very sick.
The orc throws a boomerang.
The boomerang misses you. Something hits you.
You are more poisoned.
The orc throws a boomerang.
The boomerang barely misses you. Something barely misses you.
You bump into the rock wall.
You feel very sick.
The orc throws a boomerang.
The boomerang barely misses you. Something hits you.
You bump into the rock wall.
You feel very sick.
You hear some strange, mumbled words.
A puff of flame appears from out of thin air!
The puff of flame hits you.
* * * LOW HITPOINT WARNING * * *
You feel sick.
You slash the orc!
You kill the orc!
Qazlal accepts your kill.
You feel very sick.
You bump into the rock wall.
You feel less confused.
You feel sick. Something barely misses you.
You hit something but do no damage.
You feel sick. Something hits you but does no damage.
You miss something.
You feel sick. Something hits you but does no damage. Something hits you.
* * * LOW HITPOINT WARNING * * *
You are more poisoned.
You barely miss something.
You die...

### #.# ###.#########
#...........#
#.#.####....# #@#.#
#....#
#{#.####....####.#
......).#.........'.....
...####.....##....####.#
#.....###'#### #.#
#.....+......###..
#.....###.........
#....# #.# #.#.###
#.##.####. #.##.# #.#
#.#.# #.##.# #


There were no monsters in sight!

Vanquished Creatures
  A black bear (D:2)
  2 adders
  2 worms
  A dart slug (D:3)
  4 orcs (D:3)
  8 ball pythons
  An endoplasm (D:3)
  3 giant cockroaches
  5 goblins
  3 hobgoblins
  3 jackals (D:1)
  4 bats
  2 frilled lizards
  6 kobolds
  5 rats
50 creatures vanquished.

Vanquished Creatures (others)
  3 plants (D:3)
3 creatures vanquished.

Grand Total: 53 creatures vanquished

Notes
Turn   | Place    | Note
-------+----------+-------------------------------------------
     0 | D:1      | RapScallion the Hill Orc Fighter began the quest for the
                  | Orb.
     0 | D:1      | Reached XP level 1. HP: 19/19 MP: 1/1
    45 | D:1      | Found a faded altar of an unknown god.
   141 | D:1      | Reached XP level 2. HP: 26/27 MP: 2/2
   148 | D:1      | Prayed at the altar of an unknown god.
   148 | D:1      | Became a worshipper of Qazlal Stormbringer
   148 | D:1      | Reached * piety under Qazlal
   609 | D:2      | Noticed a black bear
   708 | D:2      | Reached XP level 3. HP: 33/33 MP: 3/3
   808 | D:2      | Killed a black bear
   809 | D:2      | Reached XP level 4. HP: 13/40 MP: 4/4
   809 | D:2      | Reached XP level 5. HP: 15/46 MP: 5/5
  1509 | D:3      | Found Hiunyokh's Jewellery Shop.
  1564 | D:3      | Found a blossoming altar of Fedhas.
  1640 | D:3      | Reached skill level 1 in Dodging
  1640 | D:3      | Reached ** piety under Qazlal
  1847 | D:3      | Found a glowing golden altar of the Shining One.
  2305 | D:3      | HP: 1/47 [something (5)]
  2306 | D:3      | Succumbed to an orc wizard's poison

Illustrated notes

Levels and vault maps discovered:
D:1:      psy_arrival_terrarium, layout_rooms,
          hellmonk_ecumenical_altar_dog_temple
D:2:      layout_basic
D:3:      layout_basic, fedhas_ov_isle_minmay, tso_oasis_becter, serial_shops,
          nicolae_diamond_shop, amethyst_killhole, corexii_hall_statues_l

Skill      XL: |  1  2  3  4  5 |
---------------+----------------+-----
Fighting       | 4 |  4.3
Axes           | 3 4 |  4.8
Armour         | 4 |  4.4
Dodging        | 1 |  1.1
Shields        | |  3.8

Action                   |  1- 3 |  4- 6 || total
-------------------------+-------+-------++-------
Melee: War axe           |    69 |    75 ||   144
Armor: Scale mail        |    36 |    15 ||    51
Dodge: Dodged            |    59 |    18 ||    77
Block: Buckler           |    23 |    15 ||    38
